 Dungeon Crawl Stone Soup version 0.17-a0-1767-gccbed74 (webtiles) character file.

1127 luca467 the Skirmisher (level 8, -4/64 HPs)
             Began as a Demonspawn Monk on Sept 6, 2015.
             Slain by an ogre
             ... wielding a +0 giant club
              (15 damage)
             ... on level 5 of the Dungeon.
             The game lasted 00:37:15 (6259 turns).

luca467 the Skirmisher (Demonspawn Monk)            Turns: 6259, Time: 00:37:15

Health: -4/64      AC:  6    Str: 12    XL:     8   Next: 13%
Magic:  8/8        EV: 15    Int: 11    God:
Gold:   173        SH:  0    Dex: 18    Spells: 0 memorised, 7 levels left

rFire  + . .     SeeInvis .       - Unarmed
rCold  . . .     Clarity  .     a - +0 robe
rNeg   . . .     SustAt   .     (no shield)
rPois  +         Gourm    +     (no helmet)
rElec  .         Spirit   .     c - +0 cloak
rCorr  .         Warding  .     (no gloves)
rMut   .         Stasis   .     (no boots)
MR     .....                    f - amulet of the gourmand
Stlth  +++.......               (no ring)
                                e - ring of poison resistance

@: not resistant to hostile enchantments, fairly stealthy
A: claws 1, iridescent scales 1, deformed body, fire resistance 1
a: no special abilities


You were on level 5 of the Dungeon.
You were not hungry.

You visited 1 branch of the dungeon, and saw 5 of its levels.

You collected 173 gold pieces.

Inventory:

Armour
 a - a +0 robe (worn)
 c - a +0 cloak (worn)
Jewellery
 e - a ring of poison resistance (left claw)
 f - an amulet of the gourmand (around neck)
 o - an uncursed amulet of resist corrosion
Magical devices
 m - a wand of digging (12)
Scrolls
 h - a scroll of immolation
 n - 2 scrolls of remove curse
Potions
 j - a potion of degeneration
 k - a potion of brilliance {unknown}
 p - a potion of mutation {unknown}
 q - a potion of cancellation {unknown}
Books
 l - a book of Cantrips

   Spells                             Type                      Level
   a - Corona                         Hexes                        1
   b - Animate Skeleton               Necromancy                   1
   c - Summon Small Mammal            Summoning                    1
   d - Apportation                    Translocation                1
Comestibles
 b - 5 bread rations
 g - 2 beef jerkies
 i - 3 fruits


   Skills:
 + Level 5.8 Fighting
 + Level 5.0 Dodging
 + Level 4.7 Stealth
 + Level 5.8 Unarmed Combat


You had 7 spell levels left.
You didn't know any spells.

Dungeon Overview and Level Annotations

Branches:
Dungeon (5/15)
 Temple: D:4-7

Altars:
Cheibriados
Fedhas
Nemelex Xobeh
Okawaru
Qazlal
Ru
Trog
Xom

Annotations:
D:3 Terence


Innate Abilities, Weirdness & Mutations

You have sharp fingernails.
You are partially covered in iridescent scales (AC +4).
Armour fits poorly on your strangely shaped body.
Your flesh is heat resistant.


Message History

You closely miss the iguana.
The iguana is lightly wounded.
The iguana bites you!
You claw the iguana!
The iguana is heavily wounded.
The ogre closely misses you. The iguana barely misses you.
You claw the iguana!
The iguana is almost dead.
The ogre misses you. The iguana barely misses you.
You closely miss the iguana.
The iguana is almost dead.
The iguana bites you!
You claw the iguana!
You kill the iguana!
The ogre hits you with a giant club!!
* * * LOW HITPOINT WARNING * * *
The ogre completely misses you.
You see here an iguana corpse.
You feel better. The ogre hits you with a giant club!
You die...

.....####......##
.....##.#≈......##
.....#§≈.≈^.PPPP.#
######≈._....._PP###
#...####≈..PPPP..#
#....^.^...PP....#
#.......#.#......#
#...).(.#........#
#.......###...@..#
#.......# #...O.%#
#.......# #......#
#.......# #......#
######### ########


You could see an ogre.

Vanquished Creatures
  A sky beast (D:5)
  An ogre (D:4)
  A centaur (D:5)
  Blork the orc (D:5)
  A giant frog (D:4)
  A scorpion (D:4)
  3 iguanas
  Ijyb (D:2)
  4 orc wizards (D:3)
  2 hounds
  3 worker ants
  Natasha (twice) (D:2)
  A killer bee zombie (D:4)
  A worker ant zombie (D:5)
  4 gnolls (D:4)
  9 adders
  2 oozes
  An adder skeleton (D:4)
  3 worms
  6 giant geckos
  10 orcs (D:3)
  11 bats
  4 giant cockroaches
  11 hobgoblins
  7 jackals
  7 kobolds
  5 quokkas
  2 ball pythons
  A giant gecko skeleton (D:5)
  8 giant newts
  12 goblins
  A jackal skeleton (D:4)
  10 rats
137 creatures vanquished.

Notes
Turn   | Place    | Note
--------------------------------------------------------------
     0 | D:1      | luca467 the Demonspawn Monk began the quest for the Orb.
     0 | D:1      | Reached XP level 1. HP: 18/18 MP: 1/1
   304 | D:1      | Gained mutation: You have sharp fingernails. [demonic ancestry]
   304 | D:1      | Reached XP level 2. HP: 24/24 MP: 2/2
   743 | D:1      | Reached skill level 4 in Unarmed Combat
   941 | D:1      | Gained mutation: You are partially covered in iridescent scales (AC +4). [demonic ancestry]
   941 | D:1      | Reached XP level 3. HP: 29/29 MP: 3/3
  1449 | D:2      | Noticed Natasha
  1475 | D:2      | Killed Natasha
  1475 | D:2      | Reached XP level 4. HP: 8/35 MP: 4/4
  1509 | D:2      | Noticed Natasha
  2067 | D:2      | Noticed Ijyb
  2091 | D:2      | Killed Ijyb
  2158 | D:2      | Reached XP level 5. HP: 39/42 MP: 5/5
  2400 | D:2      | Killed Natasha
  2628 | D:3      | Found a snail-covered altar of Cheibriados.
  3030 | D:3      | Reached XP level 6. HP: 40/48 MP: 6/6
  3421 | D:3      | Noticed Terence
  4353 | D:4      | Reached skill level 5 in Unarmed Combat
  4409 | D:4      | Found a bloodstained altar of Trog.
  4532 | D:4      | Reached skill level 5 in Fighting
  4532 | D:4      | Reached XP level 7. HP: 38/56 MP: 7/7
  5025 | D:4      | Found a sparkling altar of Nemelex Xobeh.
  5025 | D:4      | Found an iron altar of Okawaru.
  5482 | D:5      | Entered Level 5 of the Dungeon
  5496 | D:5      | HP: 2/56 [hound (3)]
  5892 | D:5      | Found a sacrificial altar of Ru.
  5931 | D:5      | Gained mutation: Your flesh is heat resistant. [mutagenic meat]
  5932 | D:5      | Gained mutation: Armour fits poorly on your strangely shaped body. [mutagenic meat]
  6038 | D:5      | Noticed Blork the orc
  6059 | D:5      | Killed Blork the orc
  6059 | D:5      | Reached XP level 8. HP: 39/64 MP: 8/8
  6185 | D:5      | Found a shimmering altar of Xom.
  6214 | D:5      | Found a blossoming altar of Fedhas.
  6214 | D:5      | Found a stormy altar of Qazlal.
  6237 | D:5      | Reached skill level 5 in Dodging
  6257 | D:5      | HP: 1/64 [ogre/giant club (20)]
  6259 | D:5      | Slain by an ogre

Vault maps used:
D:1:      onia_arrival_pyramid, minivault_4, minmay_misc_feat_tower,
          minmay_ruptured
D:2:      first_bread, uniq_iyjb, uniq_natasha
D:3:      old_standard_altar, serial_co_window_serial, co_window_paths_a,
          co_window_corner_a, co_window_corner_a, co_window_paths_a,
          co_window_paths_b, co_window_paths_b, co_window_of_opportunity_a,
          co_window_paths_a, co_window_paths_b, co_window_unsneaky_path_b,
          co_window_unsneaky_path_c, co_window_broadway_b, st_stairs_11,
          uniq_terence
D:4:      kennysheep_little_box, gammafunk_temple_overflow_wave,
          grunt_ministairs_13, nicolae_underground_beach
D:5:      grunt_temple_overflow_forces_of_nature, lemuel_crystal_altar,
          lemuel_crystal_altar, temple_doors_a, uniq_blork_the_orc

Action                   |  1- 3 |  4- 6 |  7- 9 || total
-------------------------+-------+-------+-------++-------
Melee: Unarmed           |   107 |   341 |   137 ||   585
Evoke: Wand              |       |       |     1 ||     1
  Use: Scroll            |     2 |     8 |     4 ||    14
       Potion            |     1 |     1 |     1 ||     3
 Stab: Sleeping          |     6 |     5 |     2 ||    13
       Distracted        |       |       |     1 ||     1
  Eat: Chunk             |     2 |    12 |     6 ||    20
